 Dungeon Crawl Stone Soup version 0.23.1-37-gaa34b87 (webtiles) character file.

Game seed: 7411240004002546072

10945 esteth the Thaumaturge (level 11, -1/83 HPs)
             Began as a Gnoll Wizard on Mar 24, 2019.
             Was a Priest of Ashenzari.
             Slain by Urug
             ... wielding a +3 battleaxe
              (19 damage)
             ... on level 10 of the Dungeon.
             The game lasted 00:41:38 (17864 turns).

esteth the Thaumaturge (Gnoll Wizard)              Turns: 17864, Time: 00:41:38

Health: -1/83      AC: 14    Str:  9    XL:     11   Next: 70%
Magic:  13/34      EV: 16    Int: 30    God:    Ashenzari [***...]
Gold:   464        SH:  0    Dex: 13    Spells: 18/29 levels left

rFire    . . .     SeeInvis +   h - staff of energy (curse)
rCold    . . .     Gourm    .   (no shield)
rNeg     . . .     Faith    .   N - +0 troll leather armour
rPois    .         Spirit   .   K - +3 hat of Pondering {ponderous, MR+ MP+10 Int+5}
rElec    .         Reflect  +   v - +0 cloak
rCorr    .         Harm     .   (no gloves)
MR       +....                  (no boots)
Stlth    +.........             o - +3 amulet of reflection (curse)
HPRegen  0.63/turn              u - ring of flight (curse)
MPRegen  0.24/turn              l - +5 ring of protection (curse)

@: confused, slow
A: distributed training, fangs 1, strong nose
a: Curse Item, Scrying, Renounce Religion, Evoke Flight


You were on level 10 of the Dungeon.
You worshipped Ashenzari.
Ashenzari was most pleased with you.
You were not hungry.

You visited 2 branches of the dungeon, and saw 12 of its levels.
You also visited: Sewer.

You collected 464 gold pieces.

Inventory:

Hand Weapons
 j - a +0 mace
 k - a +0 rapier of protection
 z - a +3 rapier of venom
 F - a +7 morningstar
Armour
 a - a +0 robe
 b - a +0 hat
 v - a +0 cloak (worn)
 A - a +0 leather armour
 B - a +0 ring mail
 E - a +0 helmet
 K - the +3 hat of Pondering (worn) {ponderous, MR+ MP+10 Int+5}
   (You took it off Gastronok on level 8 of the Dungeon)

   It affects your intelligence (+5).
   It affects your resistance to hostile enchantments.
   It affects your magic capacity (+10).
 N - a +0 troll leather armour (worn)
Magical Staves
 h - a cursed staff of energy (weapon)
Jewellery
 c - an uncursed ring of fire
 l - a cursed +5 ring of protection (right hand)
 o - a cursed +3 amulet of reflection (around neck)
 u - a cursed ring of flight (left hand)
 w - a +3 ring of dexterity
 H - an uncursed ring of fire
 O - an uncursed ring of protection from cold
Wands
 i - a wand of random effects (53)
 y - a wand of polymorph (4)
 L - a wand of paralysis (11)
 Q - a wand of digging (6)
Scrolls
 e - 4 scrolls of magic mapping
 f - 2 scrolls of fog
 g - 3 scrolls of blinking
 m - 8 scrolls of teleportation
 q - 3 scrolls of fear
 C - 6 scrolls of identify
 I - a scroll of remove curse
 J - a scroll of noise {unknown}
Potions
 n - 2 potions of heal wounds {unknown}
 p - 5 potions of might {unknown}
 r - 2 potions of resistance {unknown}
 s - 2 potions of haste
 t - a potion of brilliance
 x - 2 potions of curing
 D - a potion of flight {unknown}
 G - a potion of agility {unknown}
 M - a potion of invisibility {unknown}
Comestibles
 d - 28 rations


   Skills:
 + Level 6.4 Fighting
 + Level 6.4 Short Blades
 + Level 6.4 Long Blades
 + Level 6.4 Axes
 + Level 6.4 Maces & Flails
 + Level 6.4 Polearms
 + Level 6.4 Staves
 + Level 6.4 Slings
 + Level 6.4 Bows
 + Level 6.4 Crossbows
 + Level 6.4 Throwing
 + Level 6.4 Armour
 + Level 8.0 Dodging
 + Level 7.7 Stealth
 + Level 6.4 Shields
 + Level 6.4 Unarmed Combat
 + Level 9.6 Spellcasting
 + Level 5.8(8.7) Conjurations
 + Level 5.3(8.2) Hexes
 + Level 5.3(8.2) Charms
 + Level 5.8(8.7) Summonings
 + Level 5.3(8.2) Necromancy
 + Level 5.8(8.7) Translocations
 + Level 5.3(8.2) Transmutations
 + Level 5.3(8.2) Fire Magic
 + Level 5.3(8.2) Ice Magic
 + Level 5.3(8.2) Air Magic
 + Level 5.3(8.2) Earth Magic
 + Level 5.3(8.2) Poison Magic
 + Level 7.0 Invocations
 + Level 6.4(10.3) Evocations


You had 18 spell levels left.
You knew the following spells:

 Your Spells              Type           Power        Failure   Level  Hunger
a - Magic Dart            Conj           ####         1%          1    None
b - Blink                 Tloc           N/A          1%          2    None
c - Call Imp              Summ           ######..     1%          2    None
d - Conjure Flame         Conj/Fire      ######..     1%          3    None
e - Mephitic Cloud        Conj/Pois/Air  ######..     1%          3    None

Your spell library contained the following spells:

 Spells                   Type           Power        Failure   Level  Hunger
 Slow                     Hex            ######..     1%          2    None


Dungeon Overview and Level Annotations

Branches:
Dungeon (11/15)            Temple (1/1) D:4            Lair (0/6) D:11
    Orc: D:9-12

Altars:
Ashenzari
Cheibriados
Dithmenos
Elyvilon
Gozag
Hepliaklqana
Kikubaaqudgha
Makhleb
Nemelex Xobeh
Okawaru
Qazlal
Ru
Sif Muna
Trog
Uskayaw
Vehumet
Wu Jian
Xom
Yredelemnul
Zin
The Shining One

Annotations:
D:3 exclusion: downstairs
D:4 exclusion: upstairs
D:5 3 runed translucent doors, Irenicus's ghost, novice DDEE; MordorOrchid's ghost, novice DsTm
D:6 1 runed translucent door, exclusion: statue, Crazy Yiuf
D:9 exclusions: downstairs and 1 more exclusion
D:10 exclusions: downstairs and obsidian statue, Urug
D:11 Erolcha; Harold


Innate Abilities, Weirdness & Mutations

Your experience applies equally to all skills.
You have very sharp teeth.
Your uncanny sense of smell can sniff out nearby items.


Message History

The howler monkey is lightly wounded.
You are engulfed in noxious fumes.
The howler monkey is engulfed in noxious fumes.
The howler monkey appears confused.
Urug is engulfed in noxious fumes.
Urug appears confused.
Urug wonders, "What am I doing in here?"
Urug hits you with a +3 battleaxe!!
* * * LOW HITPOINT WARNING * * *
The howler monkey is engulfed in noxious fumes.
You block the howler monkey's attack.
You feel better.
You are engulfed in noxious fumes.
You choke on the stench!
You are confused.
The howler monkey is engulfed in noxious fumes.
The howler monkey appears confused.
The howler monkey hits you.
* * * LOW HITPOINT WARNING * * *
The howler monkey is engulfed in noxious fumes.
The howler monkey appears confused.
The howler monkey hits you but does no damage.
Urug is engulfed in noxious fumes.
Urug hits you with a +3 battleaxe!!
You die...

+#...###'##.<.# *
.#....#...#...#...#.....
.'....#...#...#...#.....
.#....#...#...#...#.....
.###..#...#...#.....?...*
...#..........#.........*
...#..........#.........
...#..........#§☼☼......
...#..........#o@h......
...#......#...#.☼h#.....
...#......#...#...#,,...
...#......#...#...# , .
...#......#...#...#, ,
#######'###...#...#,,,
...#..........#.... ,
...#..........#"... ,
...'..........# ,


You could see Urug (confused) and 2 howler monkeys.

Vanquished Creatures
  Gastronok (D:8)
  Pikel (D:4)
  A manticore (D:11)
  A troll (D:10)
  Prince Ribbit (D:7)
  A hippogriff (D:7)
  5 yaks
  3 wyverns
  4 hogs (D:9)
  A human (D:9)
  Eustachio (D:4)
  Grum (D:8)
  A hungry ghost (D:9)
  An acid dragon (D:11)
  A soldier ant (D:10)
  2 porcupines (D:11)
  Duvessa (D:5)
  A water moccasin (D:11)
  An ice beast (D:10)
  2 sky beasts
  2 orc warriors (D:6)
  3 slaves
  4 ogres
  4 black bears
  4 wolves (D:8)
  A phantom (D:6)
  A necrophage (D:5)
  6 centaurs
  A crocodile (D:8)
  An elf zombie (D:9)
  11 bullfrogs
  2 big kobolds (Sewer)
  Blork the orc (D:4)
  Dowan (D:5)
  3 scorpions
  A water moccasin skeleton (D:6)
  5 killer bees (D:10)
  5 wights
  3 crimson imps
  2 howler monkeys (D:10)
  4 orc priests
  3 human zombies (D:9)
  4 jellies
  2 hounds
  2 quasits (D:6)
  5 orc wizards
  A bullfrog skeleton (D:8)
  3 iguanas
  6 worker ants
  2 killer bee zombies
  A worker ant zombie (D:5)
  A howler monkey zombie (D:9)
  2 gnolls
  11 adders
  2 river rats
  6 oozes (Sewer)
  An adder skeleton (D:4)
  An adder zombie (D:6)
  5 worms
  5 dart slugs
  10 leopard geckos
  19 orcs
  4 ball pythons
  6 giant cockroaches
  7 goblins
  5 hobgoblins
  10 jackals
  9 quokkas
  8 bats
  13 frilled lizards
  8 kobolds
  A leopard gecko zombie (D:6)
  A quokka skeleton (D:8)
  9 rats
269 creatures vanquished.

Vanquished Creatures (collateral kills)
  A worker ant (D:4)
  A gnoll (D:2)
  An orc (D:4)
3 creatures vanquished.

Vanquished Creatures (others)
  A centaur (D:11)
  9 fungi (D:11)
  3 plants (D:11)
13 creatures vanquished.

Grand Total: 285 creatures vanquished

Notes
Turn   | Place    | Note
-------+----------+-------------------------------------------
     0 | D:1      | esteth the Gnoll Wizard began the quest for the Orb.
     0 | D:1      | Reached XP level 1. HP: 13/13 MP: 8/8
   158 | D:1      | Reached XP level 2. HP: 17/19 MP: 3/10
   559 | D:1      | Reached XP level 3. HP: 25/25 MP: 6/11
  1243 | D:2      | Reached skill level 1 in Invocations
  1334 | D:2      | Found a glowing silver altar of Zin.
  1370 | D:3      | Reached skill level 1 in Fighting
  1370 | D:3      | Reached skill level 1 in Short Blades
  1370 | D:3      | Reached skill level 1 in Long Blades
  1370 | D:3      | Reached skill level 1 in Axes
  1370 | D:3      | Reached skill level 1 in Maces & Flails
  1370 | D:3      | Reached skill level 1 in Polearms
  1370 | D:3      | Reached skill level 1 in Staves
  1370 | D:3      | Reached skill level 1 in Slings
  1370 | D:3      | Reached skill level 1 in Bows
  1370 | D:3      | Reached skill level 1 in Crossbows
  1370 | D:3      | Reached skill level 1 in Throwing
  1370 | D:3      | Reached skill level 1 in Armour
  1370 | D:3      | Reached skill level 1 in Shields
  1370 | D:3      | Reached skill level 1 in Unarmed Combat
  1370 | D:3      | Reached skill level 1 in Evocations
  1370 | D:3      | Reached XP level 4. HP: 32/32 MP: 7/13
  1465 | D:3      | Found a glowing drain.
  1755 | Sewer    | Entered a sewer
  1884 | Sewer    | Reached skill level 1 in Hexes
  1884 | Sewer    | Reached skill level 1 in Charms
  1884 | Sewer    | Reached skill level 1 in Necromancy
  1884 | Sewer    | Reached skill level 1 in Transmutations
  1884 | Sewer    | Reached skill level 1 in Fire Magic
  1884 | Sewer    | Reached skill level 1 in Ice Magic
  1884 | Sewer    | Reached skill level 1 in Air Magic
  1884 | Sewer    | Reached skill level 1 in Earth Magic
  1884 | Sewer    | Reached skill level 1 in Poison Magic
  1930 | Sewer    | Noticed a big kobold
  1944 | Sewer    | Killed a big kobold
  1944 | Sewer    | Reached XP level 5. HP: 33/37 MP: 0/14
  2041 | Sewer    | Learned a level 2 spell: Blink
  2044 | Sewer    | Learned a level 2 spell: Call Imp
  2048 | Sewer    | Learned a level 3 spell: Conjure Flame
  2052 | Sewer    | Learned a level 3 spell: Mephitic Cloud
  2243 | Sewer    | Noticed a big kobold
  2281 | Sewer    | Killed a big kobold
  2281 | Sewer    | Reached XP level 6. HP: 14/44 MP: 1/16
  3089 | D:2      | Found a shadowy altar of Dithmenos.
  3786 | D:3      | Reached skill level 5 in Dodging
  3993 | D:3      | Found an opulent altar of Gozag.
  4018 | D:3      | Found a sparkling altar of Nemelex Xobeh.
  4256 | D:3      | Found an iron altar of Okawaru.
  4406 | D:4      | Noticed Eustachio
  4488 | D:4      | Noticed a slave
  4503 | D:4      | Killed a slave
  4505 | D:4      | Noticed a slave
  4513 | D:4      | Noticed a slave
  4649 | D:3      | Killed a slave
  4882 | D:4      | Noticed a slave
  4925 | D:3      | Killed a slave
  5051 | D:4      | Reached XP level 7. HP: 50/50 MP: 7/18
  5811 | D:4      | Killed Eustachio
  5811 | D:4      | Reached skill level 5 in Stealth
  5813 | D:4      | Noticed Pikel
  5833 | D:4      | Killed Pikel
  5833 | D:4      | Reached XP level 8. HP: 39/58 MP: 1/19
  6282 | D:4      | Noticed Blork the orc
  6297 | D:4      | Killed Blork the orc
  6297 | D:4      | Reached skill level 8 in Spellcasting
  6498 | D:4      | Found a staircase to the Ecumenical Temple.
  6504 | Temple   | Entered the Ecumenical Temple
  6565 | Temple   | Became a worshipper of Ashenzari the Shackled
  7036 | D:5      | Entered Level 5 of the Dungeon
  7075 | D:5      | Noticed Duvessa
  7080 | D:5      | Noticed Dowan
  7082 | D:5      | Killed Duvessa
  7085 | D:5      | Killed Dowan
  7341 | D:5      | Found a runed translucent gate.
  7341 | D:5      | Found a runed translucent gate.
  7343 | D:5      | Found a runed translucent gate.
  7346 | D:5      | Noticed Irenicus's ghost (novice DDEE)
  7346 | D:5      | Noticed MordorOrchid's ghost (novice DsTm)
  7732 | D:5      | Reached XP level 9. HP: 56/65 MP: 11/21
  8194 | D:5      | Found a stormy altar of Qazlal.
  8963 | D:6      | Found a radiant altar of Vehumet.
  9928 | D:6      | Reached * piety under Ashenzari
 10391 | D:6      | Reached skill level 5 in Invocations
 10778 | D:6      | Found a runed translucent door.
 10779 | D:6      | Noticed Crazy Yiuf
 11146 | D:7      | Reached XP level 10. HP: 73/73 MP: 5/22
 11775 | D:7      | Noticed Prince Ribbit
 11783 | D:7      | Killed Prince Ribbit
 11891 | D:7      | Reached skill level 5 in Fighting
 11891 | D:7      | Reached skill level 5 in Short Blades
 11891 | D:7      | Reached skill level 5 in Long Blades
 11891 | D:7      | Reached skill level 5 in Axes
 11891 | D:7      | Reached skill level 5 in Maces & Flails
 11891 | D:7      | Reached skill level 5 in Polearms
 11891 | D:7      | Reached skill level 5 in Staves
 11891 | D:7      | Reached skill level 5 in Slings
 11891 | D:7      | Reached skill level 5 in Bows
 11891 | D:7      | Reached skill level 5 in Crossbows
 11891 | D:7      | Reached skill level 5 in Throwing
 11891 | D:7      | Reached skill level 5 in Armour
 11891 | D:7      | Reached skill level 5 in Shields
 11891 | D:7      | Reached skill level 5 in Unarmed Combat
 11891 | D:7      | Reached skill level 5 in Evocations
 12721 | D:8      | Reached ** piety under Ashenzari
 12808 | D:8      | Noticed Grum
 12830 | D:8      | Killed Grum
 12938 | D:8      | Noticed Gastronok
 12969 | D:8      | Killed Gastronok
 12969 | D:8      | Reached skill level 9 in Spellcasting
 12969 | D:8      | Reached skill level 5 in Conjurations
 12969 | D:8      | Reached skill level 5 in Summonings
 12969 | D:8      | Reached skill level 5 in Translocations
 13265 | D:8      | Reached XP level 11. HP: 81/81 MP: 10/24
 13799 | D:9      | Found a hazy altar of Hepliaklqana.
 14238 | D:9      | Found an ancient bone altar of Kikubaaqudgha.
 14850 | D:9      | Reached skill level 5 in Hexes
 14850 | D:9      | Reached skill level 5 in Charms
 14850 | D:9      | Reached skill level 5 in Necromancy
 14850 | D:9      | Reached skill level 5 in Transmutations
 14850 | D:9      | Reached skill level 5 in Fire Magic
 14850 | D:9      | Reached skill level 5 in Ice Magic
 14850 | D:9      | Reached skill level 5 in Air Magic
 14850 | D:9      | Reached skill level 5 in Earth Magic
 14850 | D:9      | Reached skill level 5 in Poison Magic
 15227 | D:10     | Entered Level 10 of the Dungeon
 15227 | D:10     | Noticed an obsidian statue
 15944 | D:10     | Reached *** piety under Ashenzari
 17076 | D:11     | Found a staircase to the Lair.
 17268 | D:11     | Noticed Harold
 17276 | D:11     | Noticed a manticore
 17443 | D:11     | Killed a manticore
 17565 | D:11     | Noticed a green ugly thing
 17585 | D:11     | Noticed Erolcha
 17851 | D:10     | Noticed Urug
 17864 | D:10     | Slain by Urug

Skill      XL: |  1  2  3  4  5  6  7  8  9 10 11 |
---------------+----------------------------------+-----
Conjurations   | 2 3 4 5 |  5.8
Summonings     | 2 3 4 5 |  5.8
Translocations | 2 3 4 5 |  5.8
Invocations    | 1 2 3 4 5 6 7 |  7.0
Fighting       | 1 2 3 4 5 6 |  6.4
Short Blades   | 1 2 3 4 5 6 |  6.4
Long Blades    | 1 2 3 4 5 6 |  6.4
Axes           | 1 2 3 4 5 6 |  6.4
Maces & Flails | 1 2 3 4 5 6 |  6.4
Polearms       | 1 2 3 4 5 6 |  6.4
Staves         | 1 2 3 4 5 6 |  6.4
Slings         | 1 2 3 4 5 6 |  6.4
Bows           | 1 2 3 4 5 6 |  6.4
Crossbows      | 1 2 3 4 5 6 |  6.4
Throwing       | 1 2 3 4 5 6 |  6.4
Armour         | 1 2 3 4 5 6 |  6.4
Shields        | 1 2 3 4 5 6 |  6.4
Unarmed Combat | 1 2 3 4 5 6 |  6.4
Evocations     | 1 2 3 4 5 6 |  6.4
Hexes          | 1 2 3 4 5 |  5.3
Charms         | 1 2 3 4 5 |  5.3
Necromancy     | 1 2 3 4 5 |  5.3
Transmutations | 1 2 3 4 5 |  5.3
Fire Magic     | 1 2 3 4 5 |  5.3
Ice Magic      | 1 2 3 4 5 |  5.3
Air Magic      | 1 2 3 4 5 |  5.3
Earth Magic    | 1 2 3 4 5 |  5.3
Poison Magic   | 1 2 3 4 5 |  5.3
Dodging        | 5 6 7 8 |  8.0
Stealth        | 5 6 7 |  7.7
Spellcasting   | 8 9 |  9.6

Action                   |  1- 3 |  4- 6 |  7- 9 | 10-12 || total
-------------------------+-------+-------+-------+-------++-------
Melee: Unarmed           |     2 |       |       |       ||     2
       Mace              |    29 |       |       |       ||    29
       Bite              |     4 |     4 |     1 |     4 ||    13
       Rapier            |       |    13 |       |       ||    13
       Staff             |       |    73 |    42 |    30 ||   145
       Punch             |       |     2 |     1 |       ||     3
 Cast: Magic Dart        |    68 |   174 |   392 |   674 ||  1308
       Call Imp          |       |     5 |     4 |     1 ||    10
       Mephitic Cloud    |       |     5 |    15 |    20 ||    40
       Conjure Flame     |       |     4 |    17 |    12 ||    33
       Blink             |       |     3 |       |       ||     3
Invok: Curse Item        |       |       |     4 |       ||     4
Evoke: Staff of energy   |       |     4 |     7 |    20 ||    31
  Use: Scroll            |     3 |     1 |     5 |     1 ||    10
       Potion            |       |     3 |       |     2 ||     5
 Stab: Confused          |       |     7 |     2 |     1 ||    10
       Sleeping          |       |       |     2 |       ||     2
  Eat: Chunk             |     1 |    11 |    20 |    21 ||    53
Armor: Robe              |     5 |    10 |     9 |       ||    24
       Skin              |       |     6 |       |       ||     6
       Leather armour    |       |       |    21 |    54 ||    75
       Troll leather arm |       |       |       |    71 ||    71
Dodge: Dodged            |    41 |    88 |    75 |   286 ||   490
Block: Other             |       |    15 |    12 |    51 ||    78
       Reflection        |       |       |       |     1 ||     1
